Map: [ESL] Oceanborn

Players

Nice

  • Race: Protoss Protoss
  • Spawn Location: 11:00

Reynor - Winner!

  • Race: Zerg Zerg
  • Spawn Location: 5:00

Event: ESL Spring 2024 Finals

VOD

Have the link to the VOD?

Description

Time

  • Played on: May 31, 2024, 4:36 p.m.
  • Length: 14:07

All games in this series

Show
View Real Time Build Order
Export as new Build Order

Nice Protoss 

Build Orders: 1 Gate Expand, Oracle Opening 

Get SALT Encoding   

  12  0:00  Probe  
  13  0:12  Probe  
  14  0:19  Pylon  
  14  0:24  Probe  
  15  0:37  Probe (Chrono Boost)  
  15  0:41  Gateway  
  16  0:49  Probe (Chrono Boost)  
  17  0:50  Assimilator  
  17  0:54  Probe (Chrono Boost)  
  18  1:03  Probe  
  19  1:15  Probe  
  20  1:28  Nexus  
  20  1:37  Cybernetics Core  
  20  1:43  Assimilator  
  20  1:44  Probe  
  21  1:52  Pylon  
  21  1:56  Probe (Chrono Boost)  
  23  2:08  Probe (Chrono Boost)  
  23  2:11  Adept (Chrono Boost)  
  23  2:13  Probe (Chrono Boost)  
  26  2:22  Probe  
  26  2:25  Stargate  
  27  2:33  Stalker  
  30  2:38  Probe (Chrono Boost)  
  30  2:39  Probe (Chrono Boost)  
  31  2:48  Warp Gate  
  31  2:49  Probe (Chrono Boost)  
  31  2:50  Probe (Chrono Boost)  
  33  2:54  Probe (Chrono Boost)  
  34  2:59  Probe  
  34  3:01  Gateway  
  35  3:06  Probe  
  35  3:08  Oracle (Chrono Boost)  
  35  3:11  Probe  
  40  3:18  Probe  
  41  3:23  Pylon, Probe  
  42  3:33  Probe  
  43  3:35  Probe  
  43  3:39  Oracle (Chrono Boost)  
  44  3:45  Probe  
  47  3:49  Pylon  
  47  3:50  Probe  
  47  3:55  Pylon  
  48  3:57  Probe  
  49  4:03  Probe  
  49  4:08  Oracle (Chrono Boost)  
  49  4:09  Probe  
  54  4:15  Probe  
  54  4:16  Nexus  
  55  4:17  Pylon  
  55  4:21  Probe  
  56  4:27  Probe  
  57  4:33  Gateway x2, Probe  
  57  4:34  Assimilator  
  57  4:35  Assimilator  
  57  4:37  Shield Battery  
  58  4:39  Probe  
  58  4:40  Shield Battery  
  58  4:43  Oracle  
  62  4:48  Zealot  
  62  4:49  Probe  
  62  4:51  Probe  
  66  5:00  Forge  
  66  5:01  Probe  
  66  5:03  Twilight Council, Probe  
  68  5:12  Stalker  
  68  5:13  Stalker  
  68  5:14  Probe  
  73  5:15  Probe  
  73  5:17  Protoss Ground Weapons Level 1  
  74  5:26  Probe  
  74  5:27  Probe  
  76  5:33  Probe (Chrono Boost)  
  76  5:34  Stalker  
  76  5:35  Stalker  
  81  5:36  Stalker  
  81  5:37  Stalker  
  81  5:40  Probe (Chrono Boost)  
  81  5:41  Probe (Chrono Boost)  
  87  5:44  Pylon  
  87  5:45  Blink (Chrono Boost)  
  88  5:50  Assimilator  
  88  5:53  Assimilator  
  88  5:54  Probe (Chrono Boost)  
  88  5:56  Probe (Chrono Boost)  
  88  5:59  Probe  
  88  6:04  Stalker x3  
  97  6:11  Probe x3  
  97  6:13  Robotics Facility  
  99  6:23  Probe x2  
  99  6:24  Robotics Facility, Pylon  
  101  6:34  Pylon  
  101  6:35  Pylon  
  101  6:36  Pylon  
  101  6:42  Probe x2  
  101  6:43  Gateway  
  101  6:46  Gateway  
  103  6:47  Gateway  
  103  6:52  Probe  
  103  6:54  Gateway  
  104  6:59  Stalker x4  
  104  7:00  Observer (Chrono Boost), Pylon  
  113  7:09  Robotics Bay  
  113  7:13  Immortal (Chrono Boost)  
  113  7:15  Observer  
  118  7:17  Probe  
  118  7:18  Probe x2  
  120  7:28  Pylon  
  118  7:30  Stalker x4  
  122  7:39  Zealot  
  122  7:42  Zealot x2  
  122  7:43  Probe x2  
  113  7:58  Stalker x5  
  108  7:59  Stalker  
  108  8:03  Colossus (Chrono Boost)  
  114  8:08  Zealot  
  114  8:12  Shield Battery  
  122  8:31  Protoss Ground Weapons Level 2 (Chrono Boost)  
  122  8:36  Extended Thermal Lance (Chrono Boost)  
  122  8:39  Pylon  
  122  8:40  Probe  
  122  8:41  Probe x2  
  131  8:42  Charge (Chrono Boost), Nexus  
  131  8:43  Colossus (Chrono Boost)  
  130  8:57  Stalker x5  
  140  9:05  Observer  
  140  9:12  Nexus  
  140  9:14  Photon Cannon  
  140  9:16  Shield Battery  
  137  9:19  Stalker x3  
  143  9:26  Disruptor  
  143  9:28  Zealot x2  
  151  9:45  Zealot x3  
  155  9:57  Templar Archives, Pylon  
  151  10:02  Probe x3  
  151  10:06  Photon Cannon x2  
  150  10:09  Photon Cannon  
  150  10:10  Shield Battery  
  150  10:13  Disruptor (Chrono Boost)  
  154  10:14  Probe x3  
  154  10:15  Disruptor (Chrono Boost)  
  161  10:26  Probe x3  
  164  10:28  Psionic Storm  
  164  10:33  High Templar x3  
  164  10:34  High Templar  
  172  10:38  Probe  
  172  10:41  Assimilator x2  
  172  10:42  Photon Cannon  
  173  10:44  Shield Battery  
  173  10:48  Pylon x2  
  173  10:49  Photon Cannon  
  173  10:53  Photon Cannon  
  173  11:04  Immortal (Chrono Boost)  
  177  11:07  Protoss Ground Weapons Level 3 (Chrono Boost), Immortal (Chrono Boost)  
  181  11:12  Pylon  
  181  11:22  Fleet Beacon  
  181  11:24  Pylon  
  181  11:26  Shield Battery  
  181  11:30  Shield Battery  
  177  11:36  Immortal  
  177  11:39  Immortal  
  179  11:40  Zealot x2  
  179  12:00  High Templar x2  
  177  12:01  High Templar x2  
  181  12:15  Archon, Immortal (Chrono Boost)  
  176  12:21  Archon  
  176  12:22  Archon  
  164  12:28  Zealot x4  
  164  12:30  Immortal (Chrono Boost)  
  155  12:37  Zealot x4  
  120  12:51  Immortal (Chrono Boost)  
  120  12:56  Pylon  
  123  13:01  High Templar x3  
  123  13:03  Zealot x5, Immortal (Chrono Boost)  
  143  13:06  Photon Cannon  
  131  13:23  Immortal  
  131  13:24  Archon  
  123  13:27  High Templar  
  123  13:28  Zealot x3, High Templar  
  123  13:33  Probe x2  
  132  13:34  Probe  
  130  13:41  High Templar x2  
  130  13:42  Zealot  
  130  13:45  Probe  
Show
View Real Time Build Order
Export as new Build Order

Reynor Zerg - Winner!

Build Orders: Hatch First, Lurkers 

Get SALT Encoding   

  12  0:00  Drone  
  13  0:12  Overlord  
  13  0:16  Drone  
  14  0:30  Drone x2  
  16  0:45  Drone  
  17  0:51  Hatchery  
  17  0:54  Drone  
  17  0:57  Drone  
  18  1:08  Extractor  
  17  1:12  Spawning Pool  
  17  1:15  Drone  
  17  1:18  Drone  
  18  1:27  Drone  
  19  1:38  Drone  
  20  1:49  Overlord  
  20  1:59  Queen  
  22  2:02  Drone, Queen  
  22  2:03  Zergling x2  
  26  2:11  Drone  
  26  2:12  Metabolic Boost  
  26  2:13  Drone  
  28  2:22  Zergling x2  
  29  2:24  Drone  
  30  2:36  Drone  
  31  2:43  Queen  
  33  2:44  Hatchery  
  33  2:48  Overlord  
  33  2:50  Zergling x2  
  33  2:52  Drone  
  33  2:55  Zergling x2  
  33  2:57  Drone  
  36  3:05  Queen  
  36  3:06  Overlord  
  36  3:09  Drone  
  40  3:12  Drone  
  40  3:13  Drone  
  40  3:15  Drone  
  40  3:17  Drone  
  43  3:21  Drone  
  43  3:25  Drone x3  
  47  3:30  Overlord  
  47  3:36  Queen  
  47  3:40  Drone x2  
  51  3:44  Drone  
  52  3:51  Roach Warren, Queen  
  52  3:54  Drone  
  52  3:55  Drone  
  55  3:58  Drone  
  56  4:04  Zergling x8  
  56  4:07  Spore Crawler  
  56  4:09  Overlord  
  59  4:13  Zergling x4  
  59  4:14  Zergling x2  
  61  4:18  Overlord  
  61  4:20  Drone x2  
  61  4:22  Drone  
  64  4:26  Drone  
  64  4:27  Overlord  
  64  4:28  Drone x3  
  68  4:36  Drone  
  68  4:37  Spore Crawler, Lair  
  68  4:39  Drone  
  68  4:40  Drone  
  70  4:46  Queen  
  70  4:48  Roach Warren  
  70  4:49  Drone  
  70  4:51  Drone  
  73  4:53  Drone  
  73  4:54  Overlord  
  73  4:56  Drone  
  73  4:58  Drone  
  76  5:03  Spore Crawler, Evolution Chamber  
  76  5:05  Queen  
  76  5:06  Drone  
  77  5:08  Drone  
  77  5:10  Drone x2  
  80  5:14  Drone x2  
  80  5:15  Drone, Extractor  
  80  5:18  Drone x2  
  80  5:19  Drone x2  
  80  5:20  Drone  
  88  5:21  Drone  
  88  5:25  Overlord  
  88  5:29  Extractor  
  88  5:30  Queen, Extractor  
  88  5:35  Drone x2  
  90  5:36  Zerg Missile Weapons Level 1  
  90  5:37  Overlord  
  90  5:38  Overseer  
  90  5:42  Overlord  
  90  5:45  Drone x3  
  93  5:50  Hatchery  
  93  5:52  Zergling x8  
  96  5:58  Roach x4  
  96  6:02  Overlord  
  106  6:04  Roach  
  106  6:06  Overlord  
  106  6:09  Overlord  
  106  6:13  Glial Reconstitution  
  106  6:15  Extractor  
  106  6:17  Overlord  
  105  6:20  Overlord  
  105  6:24  Drone  
  105  6:25  Drone x2  
  108  6:26  Roach x3  
  108  6:28  Overlord  
  114  6:34  Roach x4  
  114  6:35  Overlord  
  114  6:37  Zergling x6  
  125  6:40  Overlord  
  125  6:44  Zergling x2, Roach x3  
  132  6:48  Roach  
  132  6:50  Pneumatized Carapace  
  132  6:53  Zergling x2  
  134  6:55  Zergling x2  
  134  6:59  Drone x3, Infestation Pit  
  138  7:01  Drone x3  
  138  7:06  Overlord  
  138  7:08  Drone  
  139  7:12  Drone  
  139  7:14  Queen  
  139  7:15  Drone x3, Extractor  
  144  7:18  Drone  
  144  7:27  Drone x6  
  144  7:28  Overlord  
  146  7:31  Drone x2  
  146  7:32  Drone x4  
  146  7:36  Drone x2, Hive  
  146  7:37  Zerg Missile Weapons Level 2  
  153  7:39  Hydralisk Den  
  153  7:40  Drone  
  153  7:43  Overlord  
  148  7:45  Drone  
  148  7:46  Drone  
  148  7:51  Extractor x2  
  138  7:52  Roach  
  138  7:53  Roach  
  138  7:57  Roach x5  
  120  8:09  Hydralisk  
  120  8:10  Zergling x6, Lurker Den, Hydralisk x2  
  120  8:11  Hatchery, Zergling x2  
  128  8:13  Zergling x2, Hydralisk, Grooved Spines  
  128  8:14  Zergling x6  
  128  8:19  Spore Crawler  
  134  8:20  Drone  
  134  8:21  Hydralisk x2  
  134  8:23  Ravager  
  134  8:24  Zergling x4  
  134  8:25  Zergling x4  
  143  8:27  Overlord  
  143  8:30  Hydralisk  
  143  8:32  Hydralisk  
  143  8:34  Overlord  
  147  8:36  Hydralisk x2  
  147  8:37  Zergling x6  
  147  8:39  Hydralisk  
  147  8:40  Zergling x2  
  157  8:48  Viper  
  160  8:55  Viper  
  161  9:07  Spine Crawler x2, Drone x2  
  161  9:08  Drone x5  
  161  9:09  Seismic Spines  
  165  9:15  Drone x2  
  167  9:18  Roach x4  
  167  9:19  Roach x4  
  167  9:21  Zergling x10  
  167  9:22  Zergling x6  
  191  9:25  Lurker x2  
  191  9:26  Extractor  
  191  9:27  Extractor  
  191  9:30  Zergling x4, Evolution Chamber, Hydralisk  
  193  9:37  Lurker x2  
  195  9:39  Zergling x2, Hydralisk  
  195  9:40  Zergling x2  
  190  10:01  Viper x2  
  190  10:02  Hydralisk x2  
  190  10:04  Drone  
  190  10:06  Adaptive Talons  
  200  10:07  Spine Crawler  
  200  10:08  Spine Crawler x2  
  200  10:10  Zerg Melee Weapons Level 1  
  200  10:11  Zergling x6  
  198  10:31  Lurker x2  
  200  10:40  Zerg Missile Weapons Level 3  
  200  10:43  Overseer  
  200  10:44  Nydus Network  
  200  10:45  Lurker  
  200  10:51  Spine Crawler  
  200  10:52  Spine Crawler  
  200  10:54  Spore Crawler  
  197  10:58  Lurker x3  
  197  11:00  Adrenal Glands  
  199  11:22  Spire  
  199  11:24  Nydus Canal  
  198  11:29  Zergling x4  
  195  11:35  Zergling x8, Hydralisk  
  195  11:36  Zergling x2  
  182  11:48  Nydus Canal  
  182  11:49  Hydralisk  
  182  11:50  Zergling x40  
  193  12:07  Hydralisk x3  
  194  12:20  Nydus Canal, Hydralisk x8  
  195  12:24  Hydralisk x6  
  189  12:31  Overlord  
  189  12:32  Zergling x22  
  189  12:35  Muscular Augments  
  189  12:36  Greater Spire, Hydralisk x2  
  189  12:37  Hydralisk  
  193  12:40  Nydus Canal, Hydralisk  
  193  12:41  Zergling x14  
  193  12:43  Overlord  
  197  12:44  Overlord  
  197  12:45  Hydralisk  
  197  12:48  Overlord  
  197  12:49  Zergling x8  
  197  12:50  Zergling x14  
  198  12:56  Hydralisk x2  
  196  13:06  Hatchery  
  196  13:09  Lurker x2  
  196  13:10  Lurker x2  
  196  13:16  Hydralisk x3  
  192  13:22  Hydralisk  
  192  13:23  Hydralisk x9  
  191  13:28  Zergling x2  
  191  13:29  Zergling x20  
  194  13:37  Hydralisk  
  194  13:38  Zergling x2, Hydralisk x2  
Tags
 
Add a new tag
Caveats
  • Supply blocks, unpowered buildings, or Contaminate may cause inaccurate times.
  • Supply counts are checked every 10 seconds.